 Dungeon Crawl Stone Soup version 0.19.1 (webtiles) character file.

2581 Ladykiller69 the Slicer (level 9, -3/62 HPs)
             Began as a High Elf Fighter on Dec 15, 2016.
             Slain by a vampire mosquito (4 damage)
             ... on level 8 of the Dungeon.
             The game lasted 00:24:24 (10700 turns).

Ladykiller69 the Slicer (High Elf Fighter)         Turns: 10700, Time: 00:24:25

Health: -3/62      AC: 10    Str: 23    XL:     9   Next: 32%
Magic:  10/10      EV:  6    Int: 14    God:
Gold:   484        SH: 11    Dex: 14    Spells: 0 memorised, 8 levels left

rFire  . . .     SeeInvis .     a - +0 rapier
rCold  . . .     Gourm    .     P - +0 chain mail (curse)
rNeg   . . .     Faith    .     c - +0 shield
rPois  .         Spirit   .     (no helmet)
rElec  .         Reflect  .     (no cloak)
rCorr  .         Harm     .     (no gloves)
MR     .....                    (no boots)
Stlth  ..........               (no amulet)
                                (no ring)
                                (no ring)

@: mighty
A: no striking features
a: no special abilities


You were on level 8 of the Dungeon.
You were not hungry.

You visited 2 branches of the dungeon, and saw 9 of its levels.

You collected 484 gold pieces.

Inventory:

Hand Weapons
 a - a +0 rapier (weapon)
Missiles
 m - 184 stones (quivered)
 E - 7 tomahawks
 I - 3 javelins of returning
 L - 5 poisoned javelins
Armour
 b - a +0 scale mail
 c - a +0 shield (worn)
 K - a +0 plate armour
 M - a +0 chain mail
 P - a cursed +0 chain mail (worn)
Jewellery
 j - an uncursed ring of resist corrosion {unknown}
 n - an uncursed ring of stealth {unknown}
Wands
 l - a wand of paralysis (8/24)
 t - a wand of polymorph (17/24)
 S - a wand of slowing (13/48)
Scrolls
 e - 2 scrolls of fear
 g - a scroll of teleportation
 h - 4 scrolls of identify
 r - a scroll of magic mapping {unknown}
 s - a scroll of recharging {unknown}
 u - 2 scrolls of remove curse
 v - a scroll of enchant armour {unknown}
 y - a scroll of noise {unknown}
 C - 2 scrolls of amnesia {unknown}
 G - a scroll of random uselessness {unknown}
Potions
 d - a potion of might
 i - a potion of cure mutation
 k - 3 potions of heal wounds
 o - a potion of degeneration {unknown}
 w - a potion of magic {unknown}
 x - 2 potions of invisibility {unknown}
 z - 2 potions of mutation {unknown}
 A - a potion of lignification {unknown}
 D - a potion of flight {unknown}
 F - a potion of curing {unknown}
 H - a potion of agility {unknown}
Books
 N - a book of Clouds

   Spells                             Type                      Level
   a - Mephitic Cloud                 Conjuration/Poison/Air       3
   b - Conjure Flame                  Conjuration/Fire             3
   c - Poisonous Cloud                Conjuration/Poison/Air       6
   d - Freezing Cloud                 Conjuration/Ice/Air          6
   e - Ring of Flames                 Charms/Fire                  7
 O - a Young Poisoner's Handbook

   Spells                             Type                      Level
   a - Sting                          Conjuration/Poison           1
   b - Mephitic Cloud                 Conjuration/Poison/Air       3
   c - Olgreb's Toxic Radiance        Poison                       4
   d - Alistair's Intoxication        Transmutation/Poison         5
   e - Venom Bolt                     Conjuration/Poison           5
 R - a book of Geomancy

   Spells                             Type                      Level
   a - Sandblast                      Earth                        1
   b - Passwall                       Transmutation/Earth          2
   c - Stone Arrow                    Conjuration/Earth            3
   d - Petrify                        Transmutation/Earth          4
   e - Lee's Rapid Deconstruction     Earth                        5
Comestibles
 f - 2 bread rations
 p - 4 meat rations
 q - 3 beef jerkies
 B - 4 fruits
 J - a slice of pizza


   Skills:
 + Level 5.9 Fighting
 * Level 10.0 Short Blades
 + Level 5.6 Armour
 + Level 6.3 Shields


You had 8 spell levels left.
You didn't know any spells.

Dungeon Overview and Level Annotations

Branches:
Dungeon (8/15)             Temple (1/1) D:4
   Lair: D:8-11

Altars:
Ashenzari
Cheibriados
Dithmenos
Elyvilon
Fedhas
Gozag
Hepliaklqana
Kikubaaqudgha
Makhleb
Nemelex Xobeh
Okawaru
Qazlal
Ru
Sif Muna
Trog
Vehumet
Xom
Yredelemnul
Zin


Message History

You block the vampire mosquito's attack.
You hit the vampire mosquito.
The vampire mosquito is lightly damaged.
The vampire mosquito bites you.
* * * LOW HITPOINT WARNING * * *
The vampire mosquito draws strength from your injuries!
You puncture the vampire mosquito!
The vampire mosquito is severely damaged.
You block the vampire mosquito's attack.
The vampire mosquito bites you but does no damage.
You barely miss the vampire mosquito.
The vampire mosquito is severely damaged.
You block the vampire mosquito's attack.
You hit the vampire mosquito.
The vampire mosquito is almost destroyed.
The vampire mosquito bites you.
* * * LOW HITPOINT WARNING * * *
The vampire mosquito draws strength from your injuries!
The vampire mosquito bites you.
You die...

#......y...# #.#
#.........# ##.#
#.........# ###.## .#
#.......# ###....#
#..##.....#
#####...##.#
#..#....##
##....#####..
#.....## ###...<..##
##.
##...y#####.....<...#
##
##....#@..##......##
##...y######...###
#....# ##### ##..##
#..# #.## ##.# #..#
#.##


You could see a vampire mosquito.

Vanquished Creatures
  Grinder (D:4)
  Sigmund (D:3)
  3 vampire mosquitoes (D:8)
  A sky beast (D:5)
  2 ice beasts
  An orc warrior (D:6)
  A phantom (D:4)
  4 centaurs
  A bullfrog (D:6)
  A scorpion (D:6)
  A howler monkey (D:7)
  2 crimson imps (D:7)
  3 hounds
  A centaur skeleton (D:7)
  2 orc priests
  6 orc wizards
  4 worker ants
  Natasha (twice) (D:3)
  An iguana (D:6)
  A killer bee zombie (D:5)
  A hound skeleton (D:6)
  7 gnolls
  A howler monkey skeleton (D:5)
  12 adders
  2 shadow imps (D:5)
  2 worms (D:3)
  3 dart slugs (D:2)
  7 leopard geckos
  18 orcs
  7 giant cockroaches
  7 goblins
  7 hobgoblins
  7 jackals
  5 quokkas
  3 ball pythons
  5 bats
  5 frilled lizards
  A jackal zombie (D:6)
  13 kobolds
  7 rats
159 creatures vanquished.

Notes
Turn   | Place    | Note
-------+----------+-------------------------------------------
     0 | D:1      | Ladykiller69 the High Elf Fighter began the quest for the Orb.
     0 | D:1      | Reached XP level 1. HP: 16/16 MP: 2/2
    62 | D:1      | Reached skill level 3 in Short Blades
   144 | D:1      | Reached XP level 2. HP: 21/21 MP: 3/3
   799 | D:2      | Reached XP level 3. HP: 18/26 MP: 4/4
  1591 | D:2      | Reached skill level 4 in Short Blades
  1591 | D:2      | Reached XP level 4. HP: 12/31 MP: 5/5
  2989 | D:3      | Noticed Sigmund
  3016 | D:3      | Killed Sigmund
  3016 | D:3      | Reached skill level 5 in Short Blades
  3016 | D:3      | Reached XP level 5. HP: 24/36 MP: 6/6
  3016 | D:3      | Reached XP level 6. HP: 28/42 MP: 7/7
  3362 | D:3      | Noticed Natasha
  3446 | D:3      | Killed Natasha
  3669 | D:3      | Noticed Natasha
  3679 | D:3      | Killed Natasha
  3861 | D:4      | Noticed Grinder
  4271 | D:4      | Paralysed by Grinder for 2 turns
  4279 | D:4      | Paralysed by Grinder for 5 turns
  4284 | D:4      | HP: 2/43 [Grinder (4)]
  4286 | D:4      | Killed Grinder
  4286 | D:4      | Reached skill level 6 in Short Blades
  4286 | D:4      | Reached XP level 7. HP: 1/48 MP: 8/8
  4895 | D:4      | Found a staircase to the Ecumenical Temple.
  4906 | Temple   | Entered the Ecumenical Temple
  5058 | D:4      | Found a burning altar of Makhleb.
  5061 | D:4      | Found a radiant altar of Vehumet.
  5064 | D:4      | Found a sacrificial altar of Ru.
  5181 | D:4      | Reached skill level 7 in Short Blades
  5590 | D:5      | Entered Level 5 of the Dungeon
  6355 | D:5      | Reached XP level 8. HP: 25/54 MP: 9/9
  6543 | D:5      | Reached skill level 8 in Short Blades
  6543 | D:5      | Reached skill level 5 in Shields
  6721 | D:5      | Found a glowing silver altar of Zin.
  6723 | D:5      | Found a basalt altar of Yredelemnul.
  7020 | D:5      | Found a snail-covered altar of Cheibriados.
  7657 | D:6      | Found a deep blue altar of Sif Muna.
  7720 | D:6      | Reached skill level 5 in Fighting
  7720 | D:6      | Reached skill level 5 in Armour
  8300 | D:6      | Found a faded altar of an unknown god.
  8300 | D:6      | Found an iron altar of Okawaru.
  8305 | D:6      | Found a faded altar of an unknown god.
  8307 | D:6      | Found a faded altar of an unknown god.
  8308 | D:6      | Found a faded altar of an unknown god.
  8445 | D:6      | Reached skill level 9 in Short Blades
  9336 | D:7      | Reached XP level 9. HP: 27/61 MP: 10/10
 10523 | D:7      | Found a burning altar of Makhleb.
 10523 | D:7      | Noticed a blizzard demon
 10695 | D:8      | Reached skill level 10 in Short Blades
 10700 | D:8      | HP: 1/62 [vampire mosquito (6)]
 10700 | D:8      | Slain by a vampire mosquito

Skill      XL: |  1  2  3  4  5  6  7  8  9 |
---------------+----------------------------+-----
Short Blades   | 3 4 5 6 7 9 10 | 10.0
Shields        | 3 4 5 6 |  6.3
Armour         | 3 4 5 |  5.6
Fighting       | 4 5 |  5.9

Action                   |  1- 3 |  4- 6 |  7- 9 || total
-------------------------+-------+-------+-------++-------
Melee: Rapier            |   111 |   226 |   657 ||   994
Throw: Stone             |       |       |    40 ||    40
  Use: Potion            |       |     1 |     3 ||     4
       Scroll            |       |       |     4 ||     4
  Eat: Chunk             |     2 |     9 |    12 ||    23
       Bread ration      |       |       |     2 ||     2
Armor: Scale mail        |    43 |    70 |   101 ||   214
       Chain mail        |       |       |    51 ||    51
       Plate armour      |       |       |    31 ||    31
Dodge: Dodged            |    30 |    51 |   115 ||   196
Block: Shield            |    52 |    82 |   265 ||   399
